[ AOE2 MATCH · #504541354 ]
UnrankedMongols vs Huns
Player's team · WIN
Rival team · LOSS
[ REPLAY ANALYSIS · EXTRACTED FROM THE RECORDED GAME ]
Feudal
8:03
Castle
24:19
Imperial
40:06
| APM avg | 54.9 |
| APM peak | 90 |
| eAPM avg | 30.2 |
| Villagers / military | 146 / 194 |
Focus
⚔️ 33.4% · 🌾 66.6%
Scout Cavalry ×114 · Mangudai ×31 · Skirmisher ×13 · Trebuchet (Packed) ×11 · Mangonel ×7 · Scorpion ×6
Feudal
9:20
Castle
22:41
Imperial
41:18
| APM avg | 33.6 |
| APM peak | 57 |
| eAPM avg | 20.6 |
| Villagers / military | 195 / 125 |
Focus
⚔️ 28.2% · 🌾 71.8%
Scout Cavalry ×64 · Skirmisher ×21 · Cavalry Archer ×19 · Knight ×13 · Spearman ×6 · Monk ×2
Match map
Initial resources + every placement click. Lines = walls · curves = elevation contours. ◆ gold · ⬟ stone · ● berries · ✦ relic · ◌ wall gap
Your base· Open — 7t gap
CoeurLaurent's base· Open — unwalled flank
Smoothed initial terrain · ◌ = detected wall gap · hover for details
Inputs per minute
— HellionBlue - - CoeurLaurent
Build order — HellionBlue
First 150 of 451 actions detected
| 0:01 | Queue | Villager (Male) |
| 0:01 | Queue | Villager (Male) |
| 0:02 | Build | House |
| 0:02 | Queue | Villager (Male) |
| 0:03 | Queue | Villager (Male) |
| 0:04 | Build | House |
| 1:33 | Queue | Villager (Male) |
| 1:52 | Queue | Villager (Male) |
| 2:23 | Queue | Villager (Male) |
| 2:23 | Queue | Villager (Male) |
| 2:23 | Queue | Villager (Male) |
| 2:37 | Build | Lumber Camp |
| 3:03 | Queue | Villager (Male) |
| 3:03 | Queue | Villager (Male) |
| 3:03 | Queue | Villager (Male) |
| 3:03 | Queue | Villager (Male) |
| 3:04 | Queue | Villager (Male) |
| 3:28 | Build | House |
| 3:34 | Build | House |
| 3:42 | Build | Palisade Wall |
| 3:56 | Queue | Villager (Male) |
| 3:57 | Queue | Villager (Male) |
| 3:57 | Queue | Villager (Male) |
| 5:03 | Build | Mill |
| 5:07 | Queue | Villager (Male) |
| 5:49 | Research | Loom |
| 5:51 | Research | Feudal Age |
| 5:52 | Research | Feudal Age |
| 6:40 | Build | House |
| 7:07 | Build | Barracks |
| 7:29 | Queue | Villager (Male) |
| 7:31 | Research | Loom |
| 7:31 | Queue | Villager (Male) |
| 8:03 | Age | Feudal Age |
| 8:06 | Build | Stable |
| 8:09 | Queue | Spearman |
| 8:18 | Research | Double-Bit Axe |
| 8:19 | Queue | Villager (Male) |
| 8:21 | Queue | Villager (Male) |
| 8:48 | Queue | Scout Cavalry |
| 8:48 | Queue | Scout Cavalry |
| 8:50 | Queue | Spearman |
| 8:53 | Build | House |
| 8:56 | Build | House |
| 8:59 | Queue | Villager (Male) |
| 9:40 | Queue | Scout Cavalry |
| 9:57 | Queue | Villager (Male) |
| 10:20 | Queue | Scout Cavalry |
| 10:21 | Queue | Scout Cavalry |
| 10:21 | Queue | Scout Cavalry |
| 10:36 | Build | Archery Range |
| 10:55 | Queue | Villager (Male) |
| 10:55 | Queue | Villager (Male) |
| 11:04 | Build | Farm |
| 11:04 | Build | Farm |
| 11:04 | Build | Farm |
| 11:05 | Build | Farm |
| 11:11 | Build | Mill |
| 11:26 | Queue | Villager (Male) |
| 11:33 | Queue | Skirmisher |
| 11:34 | Queue | Archer |
| 11:39 | Build | Palisade Gate |
| 11:47 | Queue | Skirmisher |
| 11:56 | Build | Farm |
| 11:56 | Build | Farm |
| 11:57 | Build | Farm |
| 12:00 | Queue | Villager (Male) |
| 12:21 | Queue | Skirmisher |
| 12:40 | Build | House |
| 12:41 | Build | House |
| 12:42 | Build | House |
| 12:44 | Build | House |
| 12:50 | Queue | Villager (Male) |
| 12:53 | Build | Farm |
| 12:53 | Build | Farm |
| 12:53 | Build | Farm |
| 13:00 | Queue | Skirmisher |
| 13:21 | Build | Farm |
| 13:33 | Queue | Scout Cavalry |
| 14:03 | Queue | Villager (Male) |
| 14:04 | Queue | Villager (Male) |
| 14:07 | Queue | Skirmisher |
| 14:11 | Build | Farm |
| 14:11 | Build | Farm |
| 14:12 | Build | Farm |
| 14:12 | Build | Farm |
| 14:12 | Build | Farm |
| 14:12 | Build | Farm |
| 14:21 | Queue | Scout Cavalry |
| 14:52 | Queue | Villager (Male) |
| 14:54 | Queue | Villager (Male) |
| 14:56 | Queue | Villager (Male) |
| 14:58 | Build | Lumber Camp |
| 15:14 | Research | Wheelbarrow |
| 15:29 | Queue | Skirmisher |
| 15:34 | Build | Farm |
| 15:47 | Build | Farm |
| 15:53 | Queue | Villager (Male) |
| 15:55 | Build | Farm |
| 15:56 | Queue | Villager (Male) |
| 15:58 | Queue | Scout Cavalry |
| 15:59 | Queue | Scout Cavalry |
| 16:09 | Research | Horse Collar |
| 16:09 | Research | Horse Collar |
| 16:19 | Queue | Scout Cavalry |
| 16:19 | Queue | Scout Cavalry |
| 16:33 | Build | House |
| 16:36 | Build | Palisade Wall |
| 16:40 | Queue | Villager (Male) |
| 16:47 | Build | Farm |
| 16:58 | Build | Farm |
| 16:59 | Queue | Villager (Male) |
| 17:05 | Queue | Skirmisher |
| 17:05 | Queue | Skirmisher |
| 17:06 | Queue | Skirmisher |
| 17:19 | Queue | Villager (Male) |
| 17:25 | Build | Palisade Wall |
| 17:27 | Build | Palisade Wall |
| 17:27 | Build | Palisade Wall |
| 17:34 | Build | Palisade Gate |
| 17:48 | Queue | Scout Cavalry |
| 17:49 | Queue | Scout Cavalry |
| 17:54 | Build | Blacksmith |
| 18:03 | Queue | Villager (Male) |
| 18:06 | Queue | Scout Cavalry |
| 18:07 | Queue | Skirmisher |
| 18:07 | Queue | Skirmisher |
| 18:07 | Queue | Skirmisher |
| 18:20 | Build | Palisade Gate |
| 18:49 | Queue | Villager (Male) |
| 18:55 | Build | Farm |
| 18:56 | Build | Farm |
| 19:12 | Queue | Skirmisher |
| 19:18 | Build | Farm |
| 19:20 | Queue | Villager (Male) |
| 19:35 | Queue | Villager (Male) |
| 20:02 | Queue | Villager (Male) |
| 20:08 | Build | Market |
| 20:10 | Queue | Villager (Male) |
| 20:15 | Build | Farm |
| 20:15 | Build | Farm |
| 20:15 | Build | Farm |
| 20:15 | Build | Farm |
| 20:25 | Queue | Scout Cavalry |
| 20:49 | Build | Mining Camp |
| 20:56 | Queue | Scout Cavalry |
| 21:39 | Research | Castle Age |
| 21:39 | Research | Castle Age |
| 21:48 | Queue | Villager (Male) |
| 21:48 | Queue | Villager (Male) |
Build order — CoeurLaurent
First 150 of 492 actions detected
| 0:03 | Queue | Villager (Male) |
| 0:04 | Queue | Villager (Male) |
| 0:04 | Queue | Villager (Male) |
| 0:45 | Queue | Villager (Male) |
| 0:46 | Queue | Villager (Male) |
| 1:27 | Queue | Villager (Male) |
| 1:27 | Queue | Villager (Male) |
| 1:32 | Build | Mill |
| 2:02 | Queue | Villager (Male) |
| 2:02 | Queue | Villager (Male) |
| 2:35 | Queue | Villager (Male) |
| 2:57 | Queue | Villager (Male) |
| 2:57 | Queue | Villager (Male) |
| 3:24 | Queue | Villager (Male) |
| 3:28 | Queue | Villager (Male) |
| 3:47 | Queue | Villager (Male) |
| 3:47 | Queue | Villager (Male) |
| 4:22 | Queue | Villager (Male) |
| 4:22 | Queue | Villager (Male) |
| 5:00 | Queue | Villager (Male) |
| 5:00 | Queue | Villager (Male) |
| 5:00 | Queue | Villager (Male) |
| 5:05 | Queue | Villager (Male) |
| 5:05 | Queue | Villager (Male) |
| 5:24 | Queue | Villager (Male) |
| 5:25 | Queue | Villager (Male) |
| 6:09 | Research | Loom |
| 6:36 | Build | Lumber Camp |
| 6:42 | Queue | Villager (Male) |
| 7:09 | Research | Feudal Age |
| 7:10 | Research | Feudal Age |
| 8:12 | Build | Mill |
| 8:30 | Queue | Villager (Male) |
| 8:31 | Queue | Villager (Male) |
| 8:55 | Build | Barracks |
| 9:20 | Age | Feudal Age |
| 9:34 | Build | Archery Range |
| 10:04 | Queue | Spearman |
| 10:04 | Queue | Spearman |
| 10:52 | Queue | Villager (Male) |
| 10:52 | Queue | Villager (Male) |
| 10:52 | Queue | Villager (Male) |
| 11:02 | Queue | Skirmisher |
| 11:03 | Queue | Skirmisher |
| 11:11 | Build | Mill |
| 11:21 | Research | Double-Bit Axe |
| 11:21 | Research | Double-Bit Axe |
| 11:53 | Queue | Skirmisher |
| 12:14 | Queue | Skirmisher |
| 12:17 | Queue | Villager (Male) |
| 12:43 | Queue | Spearman |
| 12:46 | Queue | Villager (Male) |
| 13:02 | Queue | Villager (Male) |
| 13:04 | Queue | Skirmisher |
| 13:04 | Queue | Skirmisher |
| 13:20 | Queue | Villager (Male) |
| 13:36 | Queue | Skirmisher |
| 14:15 | Queue | Villager (Male) |
| 14:15 | Queue | Villager (Male) |
| 15:01 | Queue | Spearman |
| 15:03 | Queue | Skirmisher |
| 15:04 | Queue | Skirmisher |
| 15:11 | Queue | Villager (Male) |
| 15:12 | Queue | Villager (Male) |
| 15:16 | Build | Farm |
| 15:16 | Build | Farm |
| 15:17 | Build | Farm |
| 15:17 | Build | Farm |
| 15:17 | Build | Farm |
| 15:18 | Build | Farm |
| 15:25 | Queue | Spearman |
| 15:36 | Queue | Skirmisher |
| 15:38 | Queue | Spearman |
| 15:41 | Queue | Villager (Male) |
| 15:42 | Queue | Villager (Male) |
| 15:47 | Build | Farm |
| 15:48 | Build | Farm |
| 15:48 | Build | Farm |
| 15:48 | Build | Farm |
| 15:49 | Build | Farm |
| 15:54 | Research | Horse Collar |
| 15:54 | Research | Horse Collar |
| 16:00 | Queue | Skirmisher |
| 16:14 | Build | Blacksmith |
| 16:16 | Queue | Villager (Male) |
| 16:17 | Queue | Villager (Male) |
| 16:24 | Build | Farm |
| 16:25 | Build | Farm |
| 16:37 | Build | Farm |
| 16:39 | Queue | Villager (Male) |
| 17:10 | Queue | Villager (Male) |
| 17:15 | Build | Mining Camp |
| 17:25 | Build | Farm |
| 18:10 | Queue | Villager (Male) |
| 18:45 | Queue | Villager (Male) |
| 19:09 | Queue | Villager (Male) |
| 19:15 | Build | Farm |
| 19:16 | Build | Farm |
| 20:01 | Research | Castle Age |
| 20:02 | Research | Castle Age |
| 20:18 | Research | Gold Mining |
| 21:07 | Build | Archery Range |
| 21:10 | Research | Scale Barding Armor |
| 22:09 | Build | Stable |
| 22:19 | Queue | Villager (Male) |
| 22:19 | Queue | Villager (Male) |
| 22:31 | Queue | Villager (Male) |
| 22:41 | Age | Castle Age |
| 22:49 | Build | Town Center |
| 22:58 | Queue | Cavalry Archer |
| 22:58 | Queue | Cavalry Archer |
| 22:58 | Queue | Cavalry Archer |
| 22:58 | Queue | Cavalry Archer |
| 23:05 | Queue | Villager (Male) |
| 23:05 | Queue | Villager (Male) |
| 23:46 | Queue | Villager (Male) |
| 23:46 | Queue | Villager (Male) |
| 23:52 | Queue | Villager (Male) |
| 23:58 | Queue | Knight |
| 23:59 | Queue | Knight |
| 24:01 | Research | Bloodlines |
| 24:13 | Queue | Villager (Male) |
| 24:29 | Queue | Cavalry Archer |
| 24:29 | Queue | Cavalry Archer |
| 24:30 | Queue | Cavalry Archer |
| 24:36 | Queue | Villager (Male) |
| 24:39 | Queue | Villager (Male) |
| 24:39 | Queue | Villager (Male) |
| 24:54 | Research | Fletching |
| 25:24 | Queue | Villager (Male) |
| 25:25 | Queue | Villager (Male) |
| 25:26 | Queue | Villager (Male) |
| 25:47 | Build | Town Center |
| 25:50 | Queue | Villager (Male) |
| 25:55 | Queue | Knight |
| 25:55 | Queue | Knight |
| 26:22 | Queue | Cavalry Archer |
| 26:22 | Queue | Cavalry Archer |
| 26:22 | Queue | Cavalry Archer |
| 26:56 | Queue | Villager (Male) |
| 26:56 | Queue | Villager (Male) |
| 27:03 | Queue | Cavalry Archer |
| 27:04 | Queue | Cavalry Archer |
| 27:04 | Queue | Cavalry Archer |
| 27:22 | Research | Wheelbarrow |
| 27:25 | Queue | Villager (Male) |
| 27:25 | Queue | Villager (Male) |
| 27:25 | Queue | Villager (Male) |
| 27:39 | Queue | Villager (Male) |
| 28:10 | Queue | Villager (Male) |
Match timeline
| 3:42 | HellionBlue · wall_segment Palisade Wall x1 |
| 7:07 | HellionBlue · first_building Barracks |
| 8:03 | HellionBlue · age_up feudal |
| 8:06 | HellionBlue · first_building Stable |
| 8:55 | CoeurLaurent · first_building Barracks |
| 9:20 | CoeurLaurent · age_up feudal |
| 9:34 | CoeurLaurent · first_building Archery Range |
| 10:36 | HellionBlue · first_building Archery Range |
| 16:36 | HellionBlue · wall_segment Palisade Wall x14 |
| 17:25 | HellionBlue · wall_segment Palisade Wall x1 |
| 17:27 | HellionBlue · wall_segment Palisade Wall x5 |
| 17:27 | HellionBlue · wall_segment Palisade Wall x3 |
| 21:10 | HellionBlue · first_market_sell 100 food |
| 22:09 | CoeurLaurent · first_building Stable |
| 22:41 | CoeurLaurent · age_up castle |
| 24:19 | HellionBlue · age_up castle |
| 24:58 | HellionBlue · first_building Monastery |
| 25:23 | HellionBlue · wall_segment Palisade Wall x4 |
| 26:04 | HellionBlue · first_building Siege Workshop |
| 27:29 | HellionBlue · first_market_buy 100 stone |
| 30:06 | HellionBlue · wall_segment Palisade Wall x9 |
| 33:50 | CoeurLaurent · first_building Monastery |
| 33:51 | HellionBlue · first_building Castle |
| 38:14 | CoeurLaurent · first_building Castle |
| 40:06 | HellionBlue · age_up imperial |
| 40:39 | HellionBlue · wall_segment Palisade Wall x13 |
| 40:41 | HellionBlue · wall_segment Palisade Wall x10 |
| 41:18 | CoeurLaurent · age_up imperial |
| 47:09 | CoeurLaurent · resign |
[ AI ANALYSIS · 1 CREDIT ]
What really happened in this match?
Wolo.gg analyzes every decision: build order, eco, micro, common mistakes by bracket. Personalized analysis on WhatsApp or Discord in 30 seconds.
Civ guide
Mongols
Perfil
Jugador #2698259